General information
- name: BNet
- type: Ladder 1vs1/FFA
- host: Battle.net
- saver: NST.reltub
map: TidewaterGlades
- players: 2
- length: 33:04
- speed: Fast
- version: 1.26 W3XP
- replay type: Public
» download(85 KB)
Players
team 1 (winner)
NST.reltub (
green | 64 APM | 2108 actions | 33:04)
6 Archmage
2 Blizzard
3 Brilliance Aura
1 Mass Teleport
5 Blood Mage
3 Flame Strike
2 Siphon Mana
» actions
| Assign group hotkey | 34 | |
| Basic commands | 56 | |
| Build / train | 121 | |
| ESC pressed | 1 | |
| Enter build submenu | 44 | |
| Enter hero's abilities submenu | 11 | |
| Give item / drop item | 16 | |
| Right click | 849 | |
| Select / deselect | 452 | |
| Select group hotkey | 284 | |
| Use ability | 240 | |
2108 total
» units
| Peasant | 20 | |
| Goblin Shredder | 2 | |
| Goblin Zeppelin | 1 | |
| Gryphon Rider | 2 | |
| Dragonhawk Rider | 2 | |
27 total
» upgrades
| Masonry | 3 | |
| Swords | 3 | |
| Armor | 4 | |
| Cloud | 1 | |
| Storm Hammers | 1 | |
| Magic Sentry | 1 | |
| Sorceress Training | 1 | |
| Animal War Training | 1 | |
| Gunpowder | 2 | |
| Plating | 2 | |
| Fragmentation Shards | 1 | |
| Flare | 1 | |
21 total
» buildings
| Altar of Kings | 1 | |
| Farm | 7 | |
| Arcane Vault | 2 | |
| Scout Tower | 32 | |
| Lumber Mill | 1 | |
| Arcane Tower | 6 | |
| Guard Tower | 13 | |
| Keep | 3 | |
| Town Hall | 4 | |
| Castle | 1 | |
| Blacksmith | 2 | |
| Arcane Sanctum | 1 | |
| Gryphon Aviary | 3 | |
| Barracks | 1 | |
| Workshop | 3 | |
80 total
» build order
00:05 Altar of Kings
00:27 Farm
00:28 Farm
01:02 Arcane Vault
01:12 Scout Tower
01:21 Lumber Mill
02:00 Arcane Tower
02:24 Farm
03:37 Scout Tower
04:04 Scout Tower
04:05 Scout Tower
04:15 Guard Tower
04:35 Keep
04:35 Keep
04:42 Guard Tower
05:26 Guard Tower
05:52 Scout Tower
05:52 Scout Tower
06:40 Town Hall
06:45 Scout Tower
06:46 Scout Tower
06:47 Scout Tower
06:49 Scout Tower
06:50 Scout Tower
06:50 Scout Tower
06:51 Scout Tower
06:52 Scout Tower
07:17 Arcane Tower
07:32 Arcane Tower
07:33 Guard Tower
07:56 Guard Tower
08:09 Guard Tower
08:13 Guard Tower
08:14 Guard Tower
08:14 Guard Tower
08:26 Guard Tower
08:57 Scout Tower
09:18 Castle
09:34 Blacksmith
09:36 Blacksmith
09:40 Arcane Tower
11:00 Arcane Vault
11:46 Farm
11:47 Farm
11:48 Farm
12:00 Arcane Sanctum
12:43 Gryphon Aviary
12:44 Gryphon Aviary
13:51 Farm
14:29 Gryphon Aviary
16:38 Town Hall
16:41 Scout Tower
16:42 Scout Tower
16:43 Scout Tower
16:44 Scout Tower
16:44 Scout Tower
16:45 Scout Tower
16:46 Scout Tower
16:46 Scout Tower
18:03 Arcane Tower
18:03 Guard Tower
18:21 Barracks
19:37 Workshop
19:37 Workshop
19:38 Workshop
24:28 Scout Tower
24:28 Scout Tower
24:29 Scout Tower
24:30 Scout Tower
24:30 Scout Tower
24:31 Scout Tower
24:32 Scout Tower
24:34 Scout Tower
26:06 Arcane Tower
26:08 Scout Tower
26:20 Guard Tower
26:25 Town Hall
28:12 Guard Tower
31:03 Town Hall
» items
| Lesser Clarity Potion | 8 | |
| Scroll of Regeneration | 10 | |
| Mechanical Critter | 2 | |
| Staff of Teleportation | 2 | |
| Boots of Speed | 2 | |
| Potion of Invisibility | 2 | |
| Scroll of Town Portal | 2 | |
| Potion of Healing | 5 | |
| Staff of Sanctuary | 1 | |
| Periapt of Vitality | 2 | |
36 total
team 2 (loser)
soulrunner (
pink | 16 APM | 538 actions | 33:02)
3 Goblin Tinker
2 Pocket Factory
1 Engineering Upgrade
2 Firelord
1 Summon Lava Spawn
1 Soul Burn
» actions
| Basic commands | 117 | |
| Build / train | 60 | |
| Enter build submenu | 18 | |
| Enter hero's abilities submenu | 5 | |
| Give item / drop item | 3 | |
| Right click | 13 | |
| Select / deselect | 239 | |
| Use ability | 83 | |
538 total
» units
| Wisp | 18 | |
| Archer | 3 | |
| Huntress | 8 | |
| Goblin Shredder | 4 | |
| Goblin Sapper | 8 | |
41 total
» upgrades
| Strength of the Moon | 1 | |
| Moon Armor | 1 | |
| Strength of the Wild | 2 | |
| Reinforced Hides | 1 | |
| Sentinel | 1 | |
| Improved Bows | 1 | |
7 total
» buildings
| Moon Well | 6 | |
| Ancient of War | 2 | |
| Altar of Elders | 1 | |
| Hunter's Hall | 1 | |
| Ancient Protector | 6 | |
| Tree of Ages | 1 | |
| Ancient of Wonders | 1 | |
| Tree of Life | 1 | |
19 total
» build order
00:18 Moon Well
00:28 Ancient of War
00:49 Altar of Elders
01:23 Ancient of War
02:18 Hunter's Hall
02:35 Moon Well
02:54 Moon Well
03:23 Moon Well
04:02 Ancient Protector
04:25 Ancient Protector
05:44 Ancient Protector
08:21 Ancient Protector
09:57 Moon Well
10:28 Tree of Ages
10:59 Ancient of Wonders
12:01 Moon Well
12:45 Ancient Protector
13:47 Ancient Protector
24:06 Tree of Life
» items
| Scroll of Protection | 1 | |
| Scroll of Town Portal | 1 | |
| Potion of Invisibility | 2 | |
4 total
Chat log
(13:21 / All) NST.reltub: nice.
(13:31 / All) NST.reltub: you killed 2 workers
(13:32 / All) NST.reltub: congrats
(15:46 / All) NST.reltub: really
(15:48 / All) NST.reltub: more towers?
(15:56 / All) NST.reltub: 1 dragonhawk would destroy you
(17:35 / All) NST.reltub: LOL sappers
(17:44 / All) NST.reltub: FAUIL
(17:45 / All) NST.reltub: failure
(17:48 / All) NST.reltub: leave noob
(18:12 / All) NST.reltub: god you suck
(19:10 / All) NST.reltub: how can you be this bad
(19:14 / All) NST.reltub: youve played over 7 HUNDRED games
(19:28 / All) NST.reltub: do you have brain damage?
(22:04 / All) NST.reltub: man
(22:06 / All) NST.reltub: you try too hard
(22:59 / All) NST.reltub: no you cant expo
(23:49 / All) NST.reltub: wow
(23:50 / All) NST.reltub: wow
(23:50 / All) NST.reltub: wow
(23:52 / All) NST.reltub: you suck
(24:19 / All) NST.reltub: leave noob elf
(24:44 / All) NST.reltub: leave
(24:45 / All) NST.reltub: you suck
(25:07 / All) NST.reltub: LOL
(25:30 / All) NST.reltub: you really think im gonna let you have that gold?
(26:00 / All) NST.reltub: LOL run
(26:18 / All) NST.reltub: thanks for not cancelling your tree
(29:05 / All) NST.reltub: why are you still here
(29:30 / All) NST.reltub: fucking retard
(29:31 / All) NST.reltub: cant do shit
(29:43 / All) NST.reltub: useless
(29:44 / All) NST.reltub: just leave
(29:53 / All) NST.reltub: i could end it any time i want
(30:08 / All) NST.reltub: youve played so many games yet you still suck
(31:13 / All) soulrunner: your really need to grow-up you been playing my 5yrld and had your chat on ingore
(31:15 / All) NST.reltub: lmfao
(31:16 / All) NST.reltub: ok
(31:18 / All) NST.reltub: sure kid
(31:20 / All) NST.reltub: nice face saving
(31:42 / All) NST.reltub: i know youre reading the chat log which is hilarious
(31:45 / All) NST.reltub: nice face saving lie :)
(31:55 / All) NST.reltub: at least make it something more plausible like 12 year old
(32:18 / All) NST.reltub: id be ashamed if i was as bad as you
(32:28 / All) NST.reltub: the old blame-the-kid gag
(32:32 / All) NST.reltub: so original